 Dungeon Crawl Stone Soup version 0.22.1-5-g62c59d919a (webtiles) character file.

2881 Gargoyl the Chopper (level 9, -4/75 HPs)
             Began as a Centaur Abyssal Knight on Jan 9, 2019.
             Was an Elder of Lugonu.
             Slain by a sky beast (5 damage)
             ... on level 7 of the Dungeon.
             The game lasted 00:12:52 (9901 turns).

Gargoyl the Chopper (Centaur Abyssal Knight)        Turns: 9901, Time: 00:12:54

Health: -4/75      AC:  9    Str: 16    XL:     9   Next: 48%
Magic:  22/22      EV:  9    Int:  6    God:    Lugonu [****..]
Gold:   510        SH:  4    Dex: 11    Spells: 8/8 levels left

rFire    . . .     SeeInvis .   a - +4 hand axe
rCold    + + .     Gourm    .   (no shield)
rNeg     . . .     Faith    .   y - +2 ring mail of the Thistle {rC++ Int-5}
rPois    .         Spirit   .   (no helmet)
rElec    .         Reflect  .   (no cloak)
rCorr    +         Harm     .   s - +0 pair of gloves
MR       .....                  (no barding)
Stlth    ..........             n - amulet of magic regeneration
HPRegen  0.22/turn              g - ring of resist corrosion
MPRegen  0.43/turn              q - ring of magical power

@: heavily drained, very quick
A: large, hooves 3, large bone plates 1, blurry vision 1, deformed body, speed
2, tough skin 3
a: Depart the Abyss, Bend Space, Banish, Corrupt, Renounce Religion


You were on level 7 of the Dungeon.
You worshipped Lugonu.
Lugonu was greatly pleased with you.
You were near starving.

You visited 1 branch of the dungeon, and saw 7 of its levels.
You visited the Abyss 1 time.

You collected 510 gold pieces.

Inventory:

Hand Weapons
 a - a +4 hand axe (weapon)
Missiles
 f - 2 poisoned tomahawks (quivered)
Armour
 s - a +0 pair of gloves (worn)
 y - the +2 ring mail of the Thistle (worn) {rC++ Int-5}
   (You took it off an orc on level 5 of the Dungeon)

   It affects your intelligence (-5).
   It greatly protects you from cold.
Jewellery
 g - a ring of resist corrosion (left hand)
 n - an amulet of magic regeneration (around neck)
 q - a ring of magical power (right hand)
Wands
 d - a wand of acid (6)
 e - a wand of polymorph (8)
 m - a wand of iceblast (11)
 v - a wand of clouds (6)
 w - a wand of flame (59)
Scrolls
 h - 2 scrolls of identify
 i - 2 scrolls of enchant weapon
 j - a scroll of fear
 k - 2 scrolls of remove curse
 l - 2 scrolls of teleportation
 o - 4 scrolls of amnesia
Potions
 b - 2 potions of might {unknown}
 r - a potion of brilliance
 u - a potion of haste {unknown}
 x - a potion of heal wounds {unknown}
Comestibles
 c - 14 rations


   Skills:
 + Level 6.0(4.4) Fighting
 + Level 6.5(4.9) Axes
 + Level 1.2(0.0) Throwing
 * Level 4.8(3.3) Armour
 * Level 4.2(2.7) Dodging
 * Level 5.8(4.3) Invocations
 + Level 0.2(0.0) Evocations


You had 8 spell levels left.
You didn't know any spells.
Your spell library contained the following spells:

 Spells                   Type           Power        Failure   Level  Hunger
 Confusing Touch          Hex            #.....       67%         1    ##.....
 Confuse                  Hex            #.......     95%         3    ####...
 Gell's Gravitas          Tloc           #.........   95%         3    ####...
 Petrify                  Tmut/Erth      #.......     100%        4    #####..
 Metabolic Englaciation   Hex/Ice        #.........   100%        5    ######.
 Yara's Violent Unravell  Hex/Tmut       #.........   100%        5    ######.


Dungeon Overview and Level Annotations

Branches:
Dungeon (7/15)             Temple (0/1) D:7

Altars:
Dithmenos
Fedhas
Gozag
Hepliaklqana
Kikubaaqudgha
Nemelex Xobeh
Okawaru
Ru
Sif Muna
Vehumet
Yredelemnul
Zin
The Shining One


Innate Abilities, Weirdness & Mutations

You have hooves in place of feet.
Armour fits poorly on your strangely shaped body.
You cover ground very quickly.
You have extremely tough skin. (AC +3)
You are partially covered in large bone plates. (SH +4)
Scrolls take you a little longer to read.


Message History

The wight hits you with an enchanted battleaxe!
You feel drained.
The sky beast hits you but does no damage.
You hit the sky beast but do no damage.
The sky beast is severely wounded.
Your ring mail of the Thistle prevents you from hitting the wight.
The sky beast flickers out of sight!
Deactivating autopickup; reactivate with Ctrl-A.
Something hits you but does no damage.
The wight hits you with an enchanted battleaxe!
* * * LOW HITPOINT WARNING * * *
You feel drained.
* * * LOW HITPOINT WARNING * * *
You closely miss something. Your kick misses something. You hit the wight.
A sky beast appears from thin air!
Reactivating autopickup.
The sky beast hits you.
* * * LOW HITPOINT WARNING * * *
The sky beast shocks you.
You die...

# #.#....##
#......#
#........
#.....##
#.......
###.....#
#.......
#......##
......
......## ....#
.##....## .z.#
###.##..##
#Yz# #
#####..## ##@#
##..## #..#
#...####..#
##........#
#.........#
#...[.......#
####.........#
#..##...#..#
#.########...


You could see a sky beast and 2 wights.

Vanquished Creatures
  Prince Ribbit (D:7)
  Eustachio (D:4)
  A fire elemental (Abyss:4)
  A water moccasin (D:7)
  2 sky beasts
  An ogre (D:4)
  3 phantoms
  A centaur (D:5)
  2 bullfrogs
  A gnoll sergeant (D:6)
  A scorpion (D:4)
  3 wights (D:7)
  4 howler monkeys
  4 crimson imps
  2 hounds
  A centaur skeleton (D:4)
  3 jellies
  3 orc priests
  2 orc wizards
  Natasha (twice) (D:4)
  3 iguanas
  Ijyb (D:5)
  2 worker ants
  A killer bee zombie (D:5)
  A hound zombie (D:7)
  A hound skeleton (D:5)
  15 gnolls
  A howler monkey skeleton (D:7)
  10 adders
  3 shadow imps (D:5)
  9 oozes
  An adder zombie (D:6)
  2 worms (D:2)
  2 leopard geckos
  15 orcs
  2 ball pythons
  6 bats
  4 giant cockroaches
  2 gnoll zombies (D:2)
  15 goblins
  8 hobgoblins
  5 jackals
  4 quokkas
  8 frilled lizards
  A jackal zombie (D:6)
  14 kobolds
  5 rats
180 creatures vanquished.

Vanquished Creatures (others)
  A water elemental (Abyss:4)
  An orc warrior (D:6)
  A fungus (D:4)
  8 toadstools (D:4)
11 creatures vanquished.

Grand Total: 191 creatures vanquished

Notes
Turn   | Place    | Note
-------+----------+-------------------------------------------
     0 | Abyss:1  | Gargoyl the Centaur Abyssal Knight began the quest for the
                  | Orb.
     0 | Abyss:1  | Reached XP level 1. HP: 19/19 MP: 2/2
    77 | Abyss:3  | Found a corrupted altar of Lugonu.
    84 | Abyss:4  | Found a corrupted altar of Lugonu.
    90 | Abyss:4  | Noticed a water elemental
    91 | Abyss:4  | Noticed a fire elemental
   105 | Abyss:4  | Noticed a purple very ugly thing
   106 | Abyss:4  | Killed a water elemental
   107 | Abyss:4  | Noticed a chaos spawn
   116 | Abyss:4  | Noticed a spatial vortex
   130 | Abyss:4  | Killed a fire elemental
   130 | Abyss:4  | Reached XP level 2. HP: 12/28 MP: 3/3
   131 | Abyss:4  | Reached XP level 3. HP: 15/34 MP: 4/4
   131 | Abyss:4  | Reached XP level 4. HP: 19/41 MP: 5/5
   131 | D:1      | Escaped the Abyss
   514 | D:1      | Reached XP level 5. HP: 41/47 MP: 6/6
  1240 | D:1      | Reached * piety under Lugonu
  1420 | D:2      | Found a glowing silver altar of Zin.
  1777 | D:2      | Found a basalt altar of Yredelemnul.
  2243 | D:2      | Reached skill level 1 in Dodging
  2661 | D:2      | Reached ** piety under Lugonu
  3140 | D:3      | Reached XP level 6. HP: 37/55 MP: 8/8
  3529 | D:3      | Found a deep blue altar of Sif Muna.
  3775 | D:3      | Found an opulent altar of Gozag.
  3775 | D:3      | Found a sparkling altar of Nemelex Xobeh.
  3889 | D:4      | Reached skill level 5 in Fighting
  4025 | D:4      | Found a shadowy altar of Dithmenos.
  4312 | D:4      | Noticed Eustachio
  4316 | D:4      | Found a sacrificial altar of Ru.
  4336 | D:4      | Killed Eustachio
  4336 | D:4      | Reached XP level 7. HP: 15/61 MP: 9/9
  4618 | D:4      | Found a hazy altar of Hepliaklqana.
  4865 | D:4      | Found an ancient bone altar of Kikubaaqudgha.
  4900 | D:4      | Gained mutation: You tend to lose your temper in combat.
                  | [potion of mutation]
  4900 | D:4      | Gained mutation: Scrolls take you a little longer to read.
                  | [potion of mutation]
  4900 | D:4      | Gained mutation: You are partially covered in large bone
                  | plates. (SH +4) [potion of mutation]
  4900 | D:4      | Lost mutation: You tend to lose your temper in combat.
                  | [potion of mutation]
  5226 | D:4      | Reached *** piety under Lugonu
  5408 | D:4      | Noticed Natasha
  5415 | D:4      | Killed Natasha
  5523 | D:4      | Noticed Natasha
  5533 | D:4      | Killed Natasha
  5679 | D:5      | Entered Level 5 of the Dungeon
  5703 | D:5      | Reached XP level 8. HP: 57/68 MP: 11/11
  5909 | D:5      | Found a blossoming altar of Fedhas.
  6110 | D:5      | Reached skill level 5 in Axes
  7166 | D:6      | Found a radiant altar of Vehumet.
  7246 | D:5      | Got a transparent ring mail
  7257 | D:5      | Identified the +2 ring mail of the Thistle {rC++ Int-5}
                  | (You took it off an orc on level 5 of the Dungeon)
  7289 | D:5      | Noticed Ijyb
  7305 | D:5      | Killed Ijyb
  7305 | D:5      | Reached skill level 5 in Invocations
  8070 | D:6      | Reached **** piety under Lugonu
  8160 | D:6      | Reached XP level 9. HP: 49/75 MP: 12/12
  8498 | D:6      | Found a glowing golden altar of the Shining One.
  8699 | D:7      | Found an iron altar of Okawaru.
  8699 | D:7      | Noticed Prince Ribbit
  9033 | D:7      | Killed Prince Ribbit
  9188 | D:7      | Reached skill level 1 in Throwing
  9473 | D:7      | Found a staircase to the Ecumenical Temple.
  9900 | D:7      | HP: 3/75 [wight/enchanted battleaxe (6)]
  9901 | D:7      | HP: 1/75 [sky beast (2)]
  9901 | D:7      | Slain by a sky beast

Skill      XL: |  1  2  3  4  5  6  7  8  9 |
---------------+----------------------------+-----
Fighting       | 4 5 6 |  6.0
Axes           | 2 3 4 6 |  6.5
Armour         | 2 3 4 |  4.8
Dodging        | 1 2 3 4 |  4.2
Invocations    | 3 4 5 |  5.8
Throwing       | 1 |  1.2
Evocations     | |  0.2

Action                   |  1- 3 |  4- 6 |  7- 9 || total
-------------------------+-------+-------+-------++-------
Melee: Hand axe          |       |   231 |   430 ||   661
       Kick              |       |    41 |   102 ||   143
Throw: Tomahawk          |       |       |     8 ||     8
Invok: Depart the Abyss  |       |     1 |       ||     1
       Banish            |       |       |     1 ||     1
Evoke: Wand              |     3 |       |       ||     3
  Use: Scroll            |     2 |     8 |     5 ||    15
       Potion            |     1 |       |     3 ||     4
  Eat: Chunk             |       |     9 |    14 ||    23
Armor: Leather armour    |     1 |   130 |    49 ||   180
       Ring mail         |       |       |    77 ||    77
Dodge: Dodged            |     1 |   134 |   177 ||   312
Block: Other             |       |       |    66 ||    66
